 Dungeon Crawl Stone Soup version 0.31-a0-187-gba352fbbf7 (webtiles) character file.

Game seed: 10165960025046811062

167 qw the Skirmisher (level 5, -1/29 HPs)
             Began as a Deep Elf Hunter on June 22, 2023.
             Slain by a hobgoblin (5 damage)
             ... led by Robin
             ... on level 3 of the Dungeon.
             The game lasted 00:00:51 (1987 turns).

qw the Skirmisher (Deep Elf Hunter)                 Turns: 1987, Time: 00:00:52

Health: -1/29      AC: 13    Str: 10    XL:     5   Next: 23%
Magic:  7/7        EV: 11    Int: 14    God:
Gold:   841        SH:  0    Dex: 18    Spells: 4/4 levels left

rFire   . . .        Y - +0 orcbow
rCold   . . .        (shield currently unavailable)
rNeg    . . .        d - +2 ring mail
rPois   .            m - +2 helmet
rElec   .            (no cloak)
rCorr   .            l - +2 pair of gloves
SInv    .            (no boots)
Will    .....        (no amulet)
Stlth   +            (no ring)
HPRegen 0.24/turn    (no ring)
MPRegen 0.10/turn

%: no passive effects
@: about to teleport
A: no striking features
a: no special abilities


You were on level 3 of the Dungeon.
You visited 1 branch of the dungeon, and saw 4 of its levels.

You collected 841 gold pieces.


   Skills:
 - Level 1.5 Fighting
 + Level 8.7 Ranged Weapons
 - Level 2.4 Dodging
 - Level 1.2 Stealth


You had 4 spell levels left.
You didn't know any spells.
Your spell library was empty.

Inventory:

Hand Weapons
 Y - a +0 orcbow (weapon)
Armour
 d - a +2 ring mail (worn)
 l - a +2 pair of gloves (worn)
 m - a +2 helmet (worn)
Scrolls
 a - a scroll of identify
 j - 2 scrolls of teleportation
Potions
 b - 4 potions of resistance
 f - a potion of enlightenment
 g - a potion of curing
 h - a potion of mutation {unknown}
 k - a potion of lignification {unknown}

Dungeon Overview and Level Annotations

Branches:
Dungeon (4/15)
 Temple: D:4-7

Altars:
Fedhas
Gozag
Kikubaaqudgha

Annotations:
D:4 Robin


Message History

1980 ||| STAIRDANCE The hobgoblin closely misses you.
The goblin closely misses you. The goblin hits you but does no damage.
The hobgoblin barely misses you.
The goblin hits you but does no damage. x2; The goblin hits you with a +0 club.
Robin throws the goblin at you!
You climb upwards.
There is a stone staircase leading down here.
You shoot an arrow. The arrow closely misses the goblin.
The hobgoblin hits you but does no damage.
The goblin hits you with a +0 club.
The hobgoblin hits you but does no damage.
The goblin completely misses you. The goblin hits you with a +0 club.
The goblin hits you but does no damage.
You shoot an arrow. The arrow hits the goblin!
You kill the goblin!
The hobgoblin hits you but does no damage.
The goblin hits you with a +0 dagger. The hobgoblin barely misses you.
The goblin misses you. The goblin hits you with a +0 dagger.
You shoot an arrow. The arrow hits the goblin.
The goblin is moderately wounded.
The hobgoblin hits you but does no damage.
The goblin hits you but does no damage. x2; The hobgoblin misses you.
The goblin misses you. x2
You shoot an arrow.
The arrow hits the goblin but does no damage.
The hobgoblin hits you but does no damage.
The goblin barely misses you. The goblin hits you but does no damage.
The hobgoblin closely misses you. The goblin closely misses you. x2
You shoot an arrow. The arrow closely misses the goblin.
The hobgoblin hits you.
The goblin hits you but does no damage. x2
The goblin closely misses you.
The hobgoblin hits you but does no damage.
The goblin closely misses you. The hobgoblin barely misses you. x2
The goblin barely misses you. The goblin closely misses you.
The goblin hits you but does no damage. The goblin hits you with a +0 dagger.
1987 ||| READING 3 scrolls of teleportation.
As you read the scroll of teleportation, it crumbles to dust.
You feel strangely unstable. The hobgoblin hits you.
You die...

...............#.......#
#######
~~~~~~~..##.####.#.#.#.#
..¤..¤~.##.......#.#.#.#
~~¤¤~.~.##..####......)#
~.¤.~.~.##..## #.#..##.#
~.¤.~.~.##...# #.#.....########
¤¤..~.~.##)#.###....###[......#
~~¤~¤.~.##.#...ggg#####.......#
..¤...~.##.####g@g............#
~~~~~~~.##.#####g#########....#
........##.#....(# ##...##...#
#######....#.....# ##.....#####
####.#....####.......## #
#.#....# #....#)...# # #......#
#...###...# ### ###....# #...#
#...# #~~ #....# #...# #...#
#~.


You could see 2 hobgoblins and 4 goblins.

Vanquished Creatures
  7 gnolls (D:3)
  3 adders
  A worm (D:3)
  4 dart slugs (D:1)
  2 orcs (D:3)
  3 bats
  2 endoplasms (D:1)
  5 giant cockroaches
  8 goblins
  3 hobgoblins (D:3)
  2 quokkas
  9 ball pythons
  4 frilled lizards
  5 kobolds
  6 rats
64 creatures vanquished.

Notes
Turn   | Place    | Note
-------+----------+-------------------------------------------
     0 | D:1      | qw the Deep Elf Hunter began the quest for the Orb.
     0 | D:1      | Reached XP level 1. HP: 12/12 MP: 3/3
     0 | D:1      | 0 ||| qw: Version: 0.3-a-9-g12657ce
     0 | D:1      | 0 ||| qw: Game counter: 2702
     0 | D:1      | 0 ||| qw: Always use a shield: true
     0 | D:1      | 0 ||| qw: God list: Okawaru
     0 | D:1      | 0 ||| qw: Allow faded altars: false
     0 | D:1      | 0 ||| qw: Do Orc after D:15 true
     0 | D:1      | 0 ||| qw: Do second Lair branch before Depths: true
     0 | D:1      | 0 ||| qw: Lair rune preference: random
     0 | D:1      | 0 ||| qw: Plans: Normal
     0 | D:1      | 0 ||| PLANNING D:1-11
   300 | D:1      | Reached XP level 2. HP: 16/16 MP: 4/4
   310 | D:1      | Reached skill level 6 in Ranged Weapons
   419 | D:1      | 419 ||| Stepping ~*~*~tactically~*~*~ (outnumbered).
   421 | D:1      | 421 ||| Stepping ~*~*~tactically~*~*~ (outnumbered).
   481 | D:1      | Found a faded altar of an unknown god.
   766 | D:1      | 766 ||| UPGRADING to +0 pair of gloves.
   771 | D:1      | 771 ||| UPGRADING to +2 helmet.
   776 | D:1      | 776 ||| READING 2 scrolls labelled ZOSHRU VUNIA.
   777 | D:1      | 777 ||| READING 4 scrolls labelled ETICWU RAONY.
   778 | D:1      | 778 ||| READING 3 scrolls of enchant armour.
   778 | D:1      | 778 ||| ENCHANTING +0 pair of gloves.
   779 | D:1      | 779 ||| READING 2 scrolls of enchant armour.
   779 | D:1      | 779 ||| ENCHANTING +1 pair of gloves.
   780 | D:1      | 780 ||| READING scroll labelled AKEURU OLALAF.
   780 | D:1      | Identified a scroll of acquirement
   780 | D:1      | 780 ||| ACQUIRING 729 gold pieces
   780 | D:1      | Acquired 729 gold pieces
   782 | D:1      | 782 ||| READING 3 scrolls labelled HIDGHI SIT KEERR.
   783 | D:1      | 783 ||| READING 3 scrolls labelled VADIXU QINE.
   786 | D:1      | 786 ||| DROPPING scroll of butterflies.
   787 | D:1      | 787 ||| DROPPING 2 scrolls of noise.
   877 | D:2      | Reached XP level 3. HP: 15/20 MP: 5/5
   974 | D:2      | Reached skill level 7 in Ranged Weapons
  1151 | D:2      | 1151 ||| SWAPPING to +0 orcbow.
  1152 | D:2      | 1152 ||| DROPPING +0 shortbow.
  1284 | D:2      | 1284 ||| DRINKING 4 bubbling amethyst potions.
  1285 | D:2      | 1285 ||| READING 2 scrolls of identify.
  1285 | D:2      | 1285 ||| IDENTIFYING glowing clear potion
  1286 | D:2      | 1286 ||| DROPPING potion of brilliance.
  1373 | D:3      | Found a blossoming altar of Fedhas.
  1419 | D:3      | Reached XP level 4. HP: 25/25 MP: 6/6
  1438 | D:3      | Found an opulent altar of Gozag.
  1553 | D:3      | Reached skill level 8 in Ranged Weapons
  1610 | D:3      | Reached XP level 5. HP: 29/29 MP: 7/7
  1697 | D:3      | Found an ancient bone altar of Kikubaaqudgha.
  1925 | D:3      | 1925 ||| UPGRADING to +0 ring mail.
  1935 | D:3      | 1935 ||| DROPPING +0 leather armour.
  1936 | D:3      | 1936 ||| READING 2 scrolls of enchant armour.
  1936 | D:3      | 1936 ||| ENCHANTING +0 ring mail.
  1937 | D:3      | 1937 ||| READING scroll of enchant armour.
  1937 | D:3      | 1937 ||| ENCHANTING +1 ring mail.
  1938 | D:3      | 1938 ||| READING scroll labelled UWYUHI GUUKA.
  1939 | D:3      | 1939 ||| READING 3 scrolls of identify.
  1939 | D:3      | 1939 ||| IDENTIFYING silvery potion
  1940 | D:3      | 1940 ||| READING 2 scrolls of identify.
  1940 | D:3      | 1940 ||| IDENTIFYING fuming white potion
  1950 | D:4      | Noticed Robin
  1955 | D:4      | 1955 ||| STAIRDANCE
  1980 | D:4      | 1980 ||| STAIRDANCE
  1986 | D:3      | HP: 4/29 [goblin/+0 dagger[Robin] (5)]
  1987 | D:3      | 1987 ||| READING 3 scrolls of teleportation.
  1987 | D:3      | Slain by a hobgoblin

Levels and vault maps discovered:
D:1:      dpeg_arrival_houses_and_road, layout_basic,
          hellmonk_ecumenical_altar_defaced_shrine
D:2:      layout_rooms
D:3:      layout_basic, lemuel_doored_altar,
          mainiacjoe_overflow_concentric_impassable, grunt_gozag_statues,
          nrook_uturn, kennysheep_generic_room_12
D:4:      layout_rooms, minmay_temple_entry_glass, uniq_robin

Skill      XL: |  1  2  3  4 |
---------------+-------------+-----
Ranged Weapons | 6 7 8 |  8.7
Fighting       | |  1.5
Dodging        | |  2.4
Stealth        | |  1.2

Action                     |  1- 3 |  4- 6 || total
---------------------------+-------+-------++-------
   Fire: Shortbow          |    86 |       ||    86
         Orcbow            |    15 |    84 ||    99
    Use: Scroll            |     8 |     6 ||    14
         Potion            |     1 |       ||     1
 Armour: Leather armour    |    12 |     6 ||    18
         Ring mail         |       |    68 ||    68
  Dodge: Dodged            |    20 |    87 ||   107

Table legend:
 A = Non-vault XP
 B = Vault XP
 C = Vault XP percentage of total XP
 D = Non-vault monster count
 E = Vault monster count
 F = Vault count percentage of total count
                 A         B        C        D         E       F
            +---------+---------+-------+---------+---------+-------
      Total |     215 |      24 |  10.0 |      53 |      11 |  17.2
            +---------+---------+-------+---------+---------+-------
        D:1 |      27 |      11 |  28.9 |      14 |       4 |  22.2
        D:2 |      41 |       0 |   0.0 |      12 |       0 |   0.0
        D:3 |     147 |       9 |   5.8 |      27 |       5 |  15.6
        D:4 |       0 |       4 | 100.0 |       0 |       2 | 100.0
            +---------+---------+-------+---------+---------+-------
